 Dungeon Sprint DCSS version 0.19.5 (webtiles) character file.

1381 JeffiDaFish the Unseen (level 8, -1/36 HPs)
             Began as a Spriggan Enchanter on May 5, 2017.
             Was an Initiate of Vehumet.
             Shot with an arrow by a centaur warrior (8 damage)
             ... in the Dungeon (Sprint I: "Red Sonja").
             The game lasted 00:02:18 (370 turns).

JeffiDaFish the Unseen (Spriggan Enchanter)          Turns: 370, Time: 00:02:18

Health: -1/36      AC:  4    Str:  4    XL:     8   Next: 39%
Magic:  17/22      EV: 22    Int: 17    God:    Vehumet [......]
Gold:   347        SH:  0    Dex: 18    Spells: 4 memorised, 17 levels left

rFire  . . .     SeeInvis +     l - +1 dagger (distort)
rCold  . . .     Gourm    .     a - +0 troll leather armour
rNeg   . . .     Faith    .     (shield restricted)
rPois  .         Spirit   .     (helmet restricted)
rElec  .         Reflect  .     (no cloak)
rCorr  .         Harm     .     (gloves unavailable)
MR     +....     NoTele   +     (boots unavailable)
Stlth  ++++++....               (no amulet)
                                (no ring)
                                (no ring)

@: very slightly contaminated, very quick
A: unfitting armour, see invisible, herbivore 3, speed 3, slow metabolism 2
a: Renounce Religion


You were in the Dungeon.
You worshipped Vehumet.
Vehumet was noncommittal.
You were not hungry.

You visited 1 branch You collected 347 gold pieces.

Inventory:

Hand Weapons
 k - a +0 blowgun
 l - a +1 dagger of distortion (weapon)
Missiles
 m - 8 curare-tipped needles
Armour
 a - a +0 troll leather armour (worn)
Potions
 e - a potion of curing
 g - a potion of haste
 h - 2 potions of magic
Books
 c - a book of Maledictions

   Spells                             Type                      Level
   a - Corona                         Hexes                        1
   b - Ensorcelled Hibernation        Hexes/Ice                    2
   c - Confuse                        Hexes                        3
   d - Tukima's Dance                 Hexes                        3
   e - Dazzling Spray                 Conjuration/Hexes            3
Comestibles
 d - a bread ration


   Skills:
 + Level 2.9 Short Blades
 + Level 8.3 Dodging
 + Level 16.3 Stealth
 + Level 9.8 Spellcasting
 + Level 13.4 Hexes
 + Level 1.8 Ice Magic


You had 17 spell levels left.
You knew the following spells:

 Your Spells              Type           Power        Failure   Level  Hunger
a - Corona                Hex            ######.      1%          1    None
b - Ensorcelled Hibernat  Hex/Ice        ####..       1%          2    None
c - Confuse               Hex            ######..     1%          3    None
d - Tukima's Dance        Hex            ######..     1%          3    None


Dungeon Overview and Level Annotations

Branches:
Dungeon (1/1)

Altars:
Sif Muna
Vehumet


Innate Abilities, Weirdness & Mutations

You are very small and have problems with some larger weapons.
You are too small for most types of armour.
You have supernaturally acute eyesight. (SInv)
You are a herbivore.
You cover ground extremely quickly.
You need consume almost no food.


Message History

The centaur warrior shoots an arrow.
The arrow hits you.
You see here 2 arrows.
Casting: Ensorcelled Hibernation
Confirm with . or Enter, or press ? or * to list all spells.
Aiming: Ensorcelled Hibernation
Press: ? - help, Shift-Dir - straight line, f - centaur warrior
Aim: a centaur warrior, wielding a shortbow (chance to defeat MR: 45%)
The centaur warrior resists with some effort.
The centaur warrior shoots an arrow.
The arrow hits you!!
Ouch! That really hurt!
* * * LOW HITPOINT WARNING * * *
Casting: Ensorcelled Hibernation
Confirm with . or Enter, or press ? or * to list all spells.
Aiming: Ensorcelled Hibernation
Press: ? - help, Shift-Dir - straight line, f/p - centaur warrior
Aim: a centaur warrior, wielding a shortbow (chance to defeat MR: 45%)
The centaur warrior resists with some effort.
The centaur warrior shoots an arrow.
The arrow barely misses you.
The centaur warrior shoots an arrow.
The arrow hits you!
You die...

#..#####+#####'#
#### #..#
#.####?§# #..#
##.#§§§§c# #..#
#+#..+§≈c§.+
#⌠⌠#
+..._#§§c§c#
####
#_.#+##§####
##'# #§[c(#
##.####'###
+...'@([..+
#..)#######
##.## #+#


You could see a centaur warrior.

Vanquished Creatures
  Sonja (D)
  A deep troll (D)
  Sigmund (D)
  An ogre (D)
  A jelly (D)
  Ijyb (D)
6 creatures vanquished.

Notes
Turn   | Place    | Note
-------+----------+-------------------------------------------
     0 | D        | JeffiDaFish the Spriggan Enchanter began the quest for the Orb.
     0 | D        | Reached XP level 1. HP: 9/9 MP: 5/5
     1 | D        | Noticed Ijyb
     7 | D        | Killed Ijyb
     7 | D        | Reached skill level 6 in Stealth
     7 | D        | Reached skill level 5 in Hexes
     7 | D        | Reached XP level 2. HP: 13/13 MP: 4/7
    31 | D        | Learned a level 2 spell: Ensorcelled Hibernation
    32 | D        | Noticed an ogre
    34 | D        | Killed an ogre
    34 | D        | Reached skill level 5 in Dodging
    34 | D        | Reached skill level 9 in Stealth
    34 | D        | Reached skill level 5 in Spellcasting
    34 | D        | Reached XP level 3. HP: 16/16 MP: 7/10
    34 | D        | Reached XP level 4. HP: 21/21 MP: 8/12
    39 | D        | Learned a level 3 spell: Confuse
    43 | D        | Learned a level 3 spell: Tukima's Dance
    44 | D        | Noticed Sigmund
    50 | D        | Killed Sigmund
    50 | D        | Reached skill level 11 in Stealth
    50 | D        | Reached skill level 10 in Hexes
    50 | D        | Reached XP level 5. HP: 24/24 MP: 4/15
    50 | D        | Reached XP level 6. HP: 28/28 MP: 4/16
   139 | D        | Found a deep blue altar of Sif Muna.
   141 | D        | Found a radiant altar of Vehumet.
   159 | D        | Became a worshipper of Vehumet
   160 | D        | Noticed Sonja
   164 | D        | Killed Sonja
   164 | D        | Reached skill level 15 in Stealth
   164 | D        | Reached skill level 1 in Ice Magic
   164 | D        | Reached XP level 7. HP: 32/32 MP: 17/20
   179 | D        | Noticed a deep troll
   329 | D        | Killed a deep troll
   329 | D        | Reached skill level 16 in Stealth
   329 | D        | Reached XP level 8. HP: 36/36 MP: 20/22
   358 | D        | Noticed a centaur warrior
   359 | D        | Noticed a centaur warrior
   370 | D        | Shot with an arrow by a centaur warrior

Skill      XL: |  1  2  3  4  5  6  7 |
---------------+----------------------+-----
Stealth        | 6 9 11 15 16 | 16.3
Spellcasting   | 3 5 6 9 |  9.8
Hexes          | 5 7 10 12 13 | 13.4
Dodging        | 5 6 7 8 |  8.3
Short Blades   | 2 |  2.9
Ice Magic      | 1 |  1.8

Action                   |  1- 3 |  4- 6 |  7- 9 || total
-------------------------+-------+-------+-------++-------
Melee: Dagger            |     4 |     3 |     1 ||     8
 Cast: Corona            |     1 |       |       ||     1
       Ensorcelled Hiber |       |     3 |     3 ||     6
  Use: Potion            |     1 |       |     1 ||     2
       Scroll            |       |       |     2 ||     2
 Stab: Sleeping          |     1 |     3 |     1 ||     5
Armor: Robe              |     1 |       |       ||     1
Dodge: Dodged            |     1 |     2 |     7 ||    10
